| TOP OF THE 1ST |
|
Washington State University Cougars batting - Pitching for University of California Golden Bears : RHP Michito Higashi
|
|
Pitching: RHP Michito Higashi
|
|
|
Batting: LHB Randolph Brodbeck
|
0-0: Ball 1-0: Swinging Strike 1-1: Ball 2-1: Foul Ball, location: 2F 2-2: Strikes out looking
|
|
Batting: RHB Noe Oliva
|
0-0: Swinging Strike 0-1: Ground out 5-3 (Groundball, 5S, EV 83.8 MPH)
|
|
Batting: RHB Jon Chatman
|
0-0: DOUBLE (Line Drive, 7LS, EV 113.1 MPH)
|
|
Batting: RHB Camillo Bonauiti
|
0-0: Called Strike 0-1: Ground out 6-3 (Groundball, 6, EV 84.4 MPH)
|
| Top of the 1st over - 0 runs, 1 hit, 0 errors, 1 left on base; Washington State University 0 - University of California 0 |
| BOTTOM OF THE 1ST |
|
University of California Golden Bears batting - Pitching for Washington State University Cougars : RHP Tom Gordam
|
|
Pitching: RHP Tom Gordam
|
|
|
Batting: LHB Eric Gaugler
|
0-0: Ball 1-0: Ball 2-0: Ground out 4-3 (Groundball, 4, EV 97.5 MPH)
|
|
Batting: RHB Mario Diaz
|
0-0: Reached on error, E5 (Groundball, 56, EV 98.8 MPH)
|
|
Batting: LHB Carlos Gaona
|
0-0: Called Strike 0-1: Ball 1-1: Ball 2-1: Foul Ball, location: 2F 2-2: Ball 3-2: Fly out, F8 (Line Drive, 89M, EV 93.8 MPH)
|
|
Batting: LHB Dick Shafer
|
0-0: Called Strike 0-1: Ball 1-1: Ball 2-1: Ball 3-1: Ground out 5-3 (Groundball, 56, EV 88.8 MPH)
|
| Bottom of the 1st over - 0 runs, 0 hits, 1 error, 1 left on base; Washington State University 0 - University of California 0 |
| TOP OF THE 2ND |
|
Washington State University Cougars batting - Pitching for University of California Golden Bears : RHP Michito Higashi
|
|
Batting: LHB Jeremy Rideout
|
0-0: Fly out, F8 (Flyball, 8RD, EV 95.6 MPH)
|
|
Batting: RHB Rich Griffith
|
0-0: DOUBLE (Line Drive, 9LM, EV 99.4 MPH)
|
|
Batting: RHB Wilson Salgado
|
0-0: Ball 1-0: Foul Ball, location: 2F 1-1: Ball 2-1: Ball 3-1: Fly out, F6 (Popup, 56D, EV 65.6 MPH)
|
|
Batting: RHB Luis Mendoza
|
0-0: Ball 1-0: Called Strike 1-1: Foul Ball, location: 2F 1-2: Fly out, F8 (Flyball, 8RD, EV 95.6 MPH)
|
| Top of the 2nd over - 0 runs, 1 hit, 0 errors, 1 left on base; Washington State University 0 - University of California 0 |
| BOTTOM OF THE 2ND |
|
University of California Golden Bears batting - Pitching for Washington State University Cougars : RHP Tom Gordam
|
|
Batting: RHB Alex Martinez
|
0-0: Foul Ball, location: 2F 0-1: Ball 1-1: Ball 2-1: Foul Ball, location: 2F 2-2: Strikes out swinging
|
|
Batting: SHB Matsudaira Ikeda
|
0-0: Called Strike 0-1: Ball 1-1: SINGLE (Groundball, 3D, EV 96.9 MPH)
|
|
Batting: RHB Alex Guerra
|
0-0: Foul Ball, location: 2F 0-1: Ball 1-1: Called Strike 1-2: Foul Ball, location: 2F 1-2: Foul Ball, location: 2F 1-2: Ball Wild Pitch! Matsudaira Ikeda to second 2-2: Fly out, F8 (Flyball, 8LD, EV 79.4 MPH)
|
|
Batting: RHB Kevin Harris
|
0-0: Ball 1-0: Ball 2-0: Called Strike 2-1: Foul Ball, location: 2F 2-2: Ball 3-2: Foul Ball, location: 2F 3-2: Foul Ball, location: 2F 3-2: Base on Balls
|
|
Batting: RHB Domingas Saragoa
|
0-0: Ball 1-0: Called Strike 1-1: Ball 2-1: Foul Ball, location: 2F 2-2: Ball 3-2: Foul Ball, location: 2F 3-2: Strikes out swinging
|
| Bottom of the 2nd over - 0 runs, 1 hit, 0 errors, 2 left on base; Washington State University 0 - University of California 0 |
| TOP OF THE 3RD |
|
Washington State University Cougars batting - Pitching for University of California Golden Bears : RHP Michito Higashi
|
|
Batting: RHB Eric Peterson
|
0-0: Ball 1-0: SINGLE (Groundball, 4MD, EV 98.8 MPH) (infield hit)
|
|
Batting: LHB Randolph Brodbeck
|
0-0: Ball 1-0: Foul Ball, location: 2F 1-1: Ball 2-1: Ball 3-1: Base on Balls Eric Peterson to second
|
|
Batting: RHB Noe Oliva
|
0-0: Ball 1-0: SINGLE (Groundball, 6MS, EV 65.0 MPH) (infield hit) Eric Peterson to third Randolph Brodbeck to second
|
|
Batting: RHB Jon Chatman
|
0-0: Called Strike 0-1: Called Strike 0-2: Ball 1-2: Ball 2-2: Ball 3-2: Fly out, F9 (Line Drive, 9, EV 93.1 MPH) Runner from 3rd tags up, SCORES, throw by RF
|
|
Batting: RHB Camillo Bonauiti
|
0-0: Fly out, F7 (Flyball, 78D, EV 93.8 MPH) Runner from 2nd tags up, SAFE at 3rd with throw by LF
|
|
Batting: LHB Jeremy Rideout
|
0-0: Called Strike 0-1: Called Strike 0-2: Fly out, F8 (Flyball, 8RM, EV 89.4 MPH)
|
| Top of the 3rd over - 1 run, 2 hits, 0 errors, 2 left on base; Washington State University 1 - University of California 0 |
| BOTTOM OF THE 3RD |
|
University of California Golden Bears batting - Pitching for Washington State University Cougars : RHP Tom Gordam
|
|
Batting: LHB Eric Gaugler
|
0-0: Called Strike 0-1: Ball 1-1: Foul Ball, location: 2F 1-2: SINGLE (Groundball, 34S, EV 70.0 MPH) (infield hit)
|
|
Batting: RHB Mario Diaz
|
0-0: Ball Eric Gaugler steals 2nd base 1-0: Ground out 4-3 (Groundball, 34D, EV 96.2 MPH) Eric Gaugler to third
|
|
Batting: LHB Carlos Gaona
|
0-0: Called Strike 0-1: Foul Ball, location: 2F 0-2: Reached on error, E9 (Flyball, 9D, EV 103.8 MPH) Eric Gaugler scores
|
|
Batting: LHB Dick Shafer
|
0-0: Called Strike 0-1: Foul Ball, location: 2F 0-2: Foul Ball, location: 2F 0-2: Ball 1-2: Strikes out swinging
|
|
Batting: RHB Alex Martinez
|
0-0: Fly out, F7 (Flyball, 78M, EV 84.4 MPH)
|
| Bottom of the 3rd over - 1 run, 1 hit, 1 error, 1 left on base; Washington State University 1 - University of California 1 |
| TOP OF THE 4TH |
|
Washington State University Cougars batting - Pitching for University of California Golden Bears : RHP Michito Higashi
|
|
Batting: RHB Rich Griffith
|
0-0: Ball 1-0: Foul Ball, location: 2F 1-1: Ball 2-1: Ball 3-1: Called Strike 3-2: Ground out U3 (Groundball, 34S, EV 76.9 MPH)
|
|
Batting: RHB Wilson Salgado
|
0-0: Ball 1-0: Ground out 5-3 (Groundball, P, EV 83.8 MPH)
|
|
Batting: RHB Luis Mendoza
|
0-0: Fly out, F8 (Flyball, 8LD, EV 91.9 MPH)
|
| Top of the 4th over - 0 runs, 0 hits, 0 errors, 0 left on base; Washington State University 1 - University of California 1 |
| BOTTOM OF THE 4TH |
|
University of California Golden Bears batting - Pitching for Washington State University Cougars : RHP Tom Gordam
|
|
Batting: SHB Matsudaira Ikeda
|
0-0: Ball 1-0: Fly out, F8 (Flyball, 8LM, EV 82.5 MPH)
|
|
Batting: RHB Alex Guerra
|
0-0: Ball 1-0: Called Strike 1-1: SINGLE (Groundball, 6MD, EV 101.2 MPH)
|
|
Batting: RHB Kevin Harris
|
0-0: Fly out, F7 (Flyball, 7D, EV 86.9 MPH)
|
|
Batting: RHB Domingas Saragoa
|
0-0: Ball Alex Guerra steals 2nd base (no throw) 1-0: Called Strike 1-1: Foul Ball, location: 2F 1-2: Strikes out swinging
|
| Bottom of the 4th over - 0 runs, 1 hit, 0 errors, 1 left on base; Washington State University 1 - University of California 1 |
| TOP OF THE 5TH |
|
Washington State University Cougars batting - Pitching for University of California Golden Bears : RHP Michito Higashi
|
|
Batting: RHB Eric Peterson
|
0-0: Ball 1-0: Foul Ball, location: 2F 1-1: Ball 2-1: Foul Ball, location: 2F 2-2: Ground out 6-3 (Groundball, 6, EV 112.5 MPH)
|
|
Batting: LHB Randolph Brodbeck
|
0-0: Ball 1-0: Called Strike 1-1: Ball 2-1: Ball 3-1: Called Strike 3-2: Base on Balls
|
|
Batting: RHB Noe Oliva
|
0-0: Grounds into double play, 6-4-3 (Groundball, 6, EV 83.8 MPH)
|
| Top of the 5th over - 0 runs, 0 hits, 0 errors, 0 left on base; Washington State University 1 - University of California 1 |
| BOTTOM OF THE 5TH |
|
University of California Golden Bears batting - Pitching for Washington State University Cougars : RHP Tom Gordam
|
|
Batting: LHB Eric Gaugler
|
0-0: Ball 1-0: Ball 2-0: Swinging Strike 2-1: Ball 3-1: Foul Ball, location: 2F 3-2: Base on Balls
|
|
Batting: RHB Mario Diaz
|
0-0: Fly out, F8 (Flyball, 8RD, EV 87.5 MPH)
|
|
Batting: LHB Carlos Gaona
|
0-0: Ball 1-0: Ball 2-0: Foul Ball, location: 2F 2-1: SINGLE (Groundball, 4MD, EV 107.5 MPH) (infield hit) Eric Gaugler to second
|
|
Pitching: RHP Danny Diaz
|
|
|
Batting: LHB Dick Shafer
|
0-0: Called Strike 0-1: Foul Ball, location: 2F 0-2: Foul Ball, location: 2F 0-2: Fly out, F7 (Flyball, 78D, EV 101.9 MPH)
|
|
Batting: RHB Alex Martinez
|
0-0: Foul Ball, location: 2F 0-1: 3-RUN HOME RUN (Flyball, 7D, EV 98.8 MPH), Distance : 367 ft
|
|
Batting: SHB Matsudaira Ikeda
|
0-0: Called Strike 0-1: Ground out 5-3 (Groundball, 25, EV 85.6 MPH)
|
| Bottom of the 5th over - 3 runs, 2 hits, 0 errors, 0 left on base; Washington State University 1 - University of California 4 |
| TOP OF THE 6TH |
|
Washington State University Cougars batting - Pitching for University of California Golden Bears : RHP Michito Higashi
|
|
Batting: RHB Jon Chatman
|
0-0: Ball 1-0: Swinging Strike 1-1: Ground out 6-3 (Groundball, 6, EV 99.4 MPH)
|
|
Batting: RHB Camillo Bonauiti
|
0-0: Fly out, F8 (Flyball, 8LD, EV 89.4 MPH)
|
|
Batting: LHB Jeremy Rideout
|
0-0: Ball 1-0: Ball 2-0: Ground out 6-3 (Groundball, 6, EV 83.1 MPH)
|
| Top of the 6th over - 0 runs, 0 hits, 0 errors, 0 left on base; Washington State University 1 - University of California 4 |
| BOTTOM OF THE 6TH |
|
University of California Golden Bears batting - Pitching for Washington State University Cougars : RHP Danny Diaz
|
|
Batting: RHB Alex Guerra
|
0-0: SOLO HOME RUN (Flyball, 89XD, EV 110.6 MPH), Distance : 430 ft
|
|
Batting: RHB Kevin Harris
|
0-0: SINGLE (Groundball, 56, EV 99.4 MPH) (infield hit)
|
|
Batting: RHB Domingas Saragoa
|
0-0: Called Strike 0-1: Called Strike 0-2: Strikes out swinging
|
|
Batting: LHB Eric Gaugler
|
0-0: SINGLE (Line Drive, 89S, EV 111.9 MPH) Kevin Harris to second
|
|
Batting: RHB Mario Diaz
|
0-0: Ball 1-0: Fly out, F7 (Line Drive, 78M, EV 88.8 MPH)
|
|
Batting: LHB Carlos Gaona
|
0-0: Ball 1-0: Swinging Strike 1-1: Ball 2-1: Swinging Strike 2-2: Ball 3-2: Strikes out swinging
|
| Bottom of the 6th over - 1 run, 3 hits, 0 errors, 2 left on base; Washington State University 1 - University of California 5 |
| TOP OF THE 7TH |
|
Washington State University Cougars batting - Pitching for University of California Golden Bears : RHP Michito Higashi
|
|
Batting: RHB Rich Griffith
|
0-0: Ball 1-0: Ball 2-0: Ball 3-0: Foul Ball, location: 2F 3-1: Called Strike 3-2: Strikes out swinging
|
|
Batting: RHB Wilson Salgado
|
0-0: Called Strike 0-1: Called Strike 0-2: Ball 1-2: Foul Ball, location: 2F 1-2: Foul Ball, location: 2F 1-2: Foul Ball, location: 2F 1-2: Strikes out swinging, 2-3 out at first.
|
|
Batting: RHB Luis Mendoza
|
0-0: Fly out, F4 (Popup, 4MD, EV 50.6 MPH)
|
| Top of the 7th over - 0 runs, 0 hits, 0 errors, 0 left on base; Washington State University 1 - University of California 5 |
| BOTTOM OF THE 7TH |
|
University of California Golden Bears batting - Pitching for Washington State University Cougars : RHP Danny Diaz
|
|
Batting: LHB Dick Shafer
|
0-0: Ball 1-0: SOLO HOME RUN (Flyball, 9LD, EV 96.2 MPH), Distance : 327 ft
|
|
Pitching: RHP Willie Becerra
|
|
|
Batting: RHB Alex Martinez
|
0-0: Called Strike 0-1: Ball 1-1: Ground out 5-3 (Groundball, 56, EV 85.0 MPH)
|
|
Batting: SHB Matsudaira Ikeda
|
0-0: Called Strike 0-1: Ball 1-1: Foul Ball, location: 2F 1-2: Ball 2-2: Foul Ball, location: 2F 2-2: Foul Ball, location: 2F 2-2: Fly out, F8 (Line Drive, 8RM, EV 86.2 MPH)
|
|
Batting: RHB Alex Guerra
|
0-0: Ground out 6-3 (Groundball, 6, EV 103.1 MPH)
|
| Bottom of the 7th over - 1 run, 1 hit, 0 errors, 0 left on base; Washington State University 1 - University of California 6 |
| TOP OF THE 8TH |
|
Washington State University Cougars batting - Pitching for University of California Golden Bears : RHP Michito Higashi
|
|
Pitching: LHP John van Asten
|
|
|
Batting: RHB Eric Peterson
|
0-0: Ball 1-0: Swinging Strike 1-1: Ball 2-1: Swinging Strike 2-2: Ball 3-2: Fly out, F9 (Flyball, 9, EV 83.8 MPH)
|
|
Batting: LHB Randolph Brodbeck
|
0-0: Called Strike 0-1: Ball 1-1: Called Strike 1-2: Ball 2-2: Ball 3-2: Foul Ball, location: 2F 3-2: Ground out 4-3 (Groundball, 4, EV 79.4 MPH)
|
|
Batting: RHB Noe Oliva
|
0-0: Called Strike 0-1: Ball 1-1: Ball 2-1: Fly out, F8 (Flyball, 89XD, EV 81.9 MPH)
|
| Top of the 8th over - 0 runs, 0 hits, 0 errors, 0 left on base; Washington State University 1 - University of California 6 |
| BOTTOM OF THE 8TH |
|
University of California Golden Bears batting - Pitching for Washington State University Cougars : RHP Willie Becerra
|
|
Batting: RHB Kevin Harris
|
0-0: Called Strike 0-1: Ball 1-1: Ball 2-1: Called Strike 2-2: Ball 3-2: Base on Balls
|
|
Batting: RHB Domingas Saragoa
|
0-0: Ball 1-0: Ball 2-0: Foul Ball, location: 2F 2-1: Fly out, F7 (Flyball, 7, EV 85.0 MPH)
|
|
Batting: LHB Eric Gaugler
|
0-0: Called Strike 0-1: Called Strike 0-2: Ball 1-2: Strikes out swinging
|
|
Batting: RHB Mario Diaz
|
0-0: Ball 1-0: Ball 2-0: Ball 3-0: Called Strike 3-1: Base on Balls Kevin Harris to second
|
|
Pitching: RHP Juan Serrano
|
|
|
Batting: LHB Carlos Gaona
|
0-0: Foul Ball, location: 2F 0-1: Ball 1-1: Ball 2-1: Foul Ball, location: 2F 2-2: Ball 3-2: Ground out 4-3 (Groundball, 34, EV 83.1 MPH)
|
| Bottom of the 8th over - 0 runs, 0 hits, 0 errors, 2 left on base; Washington State University 1 - University of California 6 |
| TOP OF THE 9TH |
|
Washington State University Cougars batting - Pitching for University of California Golden Bears : LHP John van Asten
|
|
Batting: RHB Jon Chatman
|
0-0: Ground out 6-3 (Groundball, 56, EV 87.5 MPH)
|
|
Batting: RHB Camillo Bonauiti
|
0-0: Swinging Strike 0-1: Ground out 6-3 (Groundball, 6, EV 98.1 MPH)
|
|
Batting: LHB Jeremy Rideout
|
0-0: Ball 1-0: Foul Ball, location: 2F 1-1: Ball 2-1: Swinging Strike 2-2: Reached on error, E5 (Groundball, 5, EV 100.0 MPH)
|
|
Pitching: RHP Travis Morris
|
|
|
Batting: RHB Rich Griffith
|
0-0: Swinging Strike 0-1: Fielders Choice at 2nd, 6-4 (Groundball, 6, EV 103.1 MPH)
|
| Top of the 9th over - 0 runs, 0 hits, 1 error, 1 left on base; Washington State University 1 - University of California 6 |
|